 Dungeon Crawl Stone Soup version 0.23.2-33-g5129a83184 (webtiles) character file.

Game seed: 894405701802037307

324204 eskel the Wrestler (level 21, -10/185 HPs)
             Began as a Ghoul Monk on June 27, 2019.
             Was the Champion of Okawaru.
             Mangled by a two-headed ogre
             ... wielding a +0 dire flail
             ... led by an ironheart preserver
              (21 damage)
             ... on level 4 of the Vaults.
             The game lasted 02:53:19 (35604 turns).

eskel the Wrestler (Ghoul Monk)                    Turns: 35604, Time: 02:53:19

Health: -10/185    AC: 39    Str: 25    XL:     21   Next: 59%
Magic:  27/27      EV: 11    Int: 10    God:    Okawaru [******]
Gold:   3389       SH:  5    Dex: 20    Spells: 20/20 levels left

rFire    . . .     SeeInvis .     - Unarmed
rCold    + + .     Gourm    .   (no shield)
rNeg     + + +     Faith    .   l - +9 crystal plate armour of Fun and Games {-Cast +Fly Dex+9 Stlth+}
rPois    ∞         Spirit   .   c - +1 helmet {Int+3}
rElec    +         Reflect  +   E - +2 cloak {MR+}
rCorr    .         Harm     .   (no gloves)
MR       +++..     NoCast   +   e - +0 pair of boots {Fly}
Stlth    ..........             g - +5 amulet of reflection
HPRegen  0.00/turn              x - +4 ring of slaying
MPRegen  0.20/turn              p - ring "Astrun" {rElec rC+ MR+ Int+2 Slay-2}

@: about to teleport, flying, rotting, invisible
A: rotting body, claws 1, carnivore, cold resistance 1, negative energy
resistance 3, inhibited regeneration, torment resistance, unbreathing
}: 2/15 runes: serpentine, barnacled
a: Heroism, Finesse, Renounce Religion, Stop Flying


You were on level 4 of the Vaults.
You worshipped Okawaru.
Okawaru was exalted by your worship.
You were not hungry.

You visited 7 branches of the dungeon, and saw 36 of its levels.
You also visited: Gauntlet and Ice Cave.

You collected 3932 gold pieces.
You spent 543 gold pieces at shops.

Inventory:

Hand Weapons
 b - the +11 arbalest "Ycexix" {flame, rC- Str+7}
   (Okawaru gifted it to you on level 6 of the Lair of Beasts)

   It causes projectiles fired from it to burn those they strike, causing extra
   injury to most foes and up to half again as much damage against particularly
   susceptible opponents.
   It affects your strength (+7).
   It makes you vulnerable to cold.
 z - the +6 triple crossbow of Wondrous Power {freeze, rN+ Dex+2}
   (Okawaru gifted it to you on level 1 of the Vaults)

   It causes projectiles fired from it to freeze those they strike, causing
   extra injury to most foes and up to half again as much damage against
   particularly susceptible opponents.
   They can also slow down cold-blooded creatures.
   It affects your dexterity (+2).
   It protects you from negative energy.
Missiles
 A - 1021 bolts
 F - 6 throwing nets (quivered)
Armour
 c - a +1 helmet of intelligence (worn)
 e - a +0 pair of boots of flying (worn)
 l - the +9 crystal plate armour of Fun and Games (worn) {-Cast +Fly Dex+9 Stlth+}
   (You acquired it on level 6 of the Lair of Beasts)

   It affects your dexterity (+9).
   It lets you fly.
   It prevents spellcasting.
   It makes you more stealthy.
 E - a +2 cloak of magic resistance (worn)
 K - a +0 pair of boots of running
 T - the +2 plate armour of the Unseen Realm {+Inv rPois MR+++ Str-2, unknown}
   (Okawaru gifted it to you on level 3 of the Vaults)

   It affects your strength (-2).
   It protects you from poison.
   It affects your resistance to hostile enchantments.
   It lets you turn invisible.
Jewellery
 g - a +5 amulet of reflection (around neck)
 p - the ring "Astrun" (right claw) {rElec rC+ MR+ Int+2 Slay-2}
   (You found it on level 12 of the Dungeon)

   [ring of protection from magic]

   It affects your intelligence (+2).
   It affects your accuracy and damage with ranged weapons and melee attacks
   (-2).
   It protects you from cold.
   It insulates you from electricity.
   It affects your resistance to hostile enchantments.
 x - a +4 ring of slaying (left claw)
 B - an uncursed ring of resist corrosion
 G - an uncursed ring of stealth {unknown}
 I - an uncursed ring of see invisible
 P - an uncursed ring of protection from fire
Wands
 d - a wand of enslavement (9)
 t - a wand of digging (13)
 D - a wand of flame (74)
 L - a wand of acid (20)
 M - a wand of iceblast (36)
 Z - a wand of disintegration (11)
Scrolls
 f - 2 scrolls of holy word
 i - 8 scrolls of identify
 j - 25 scrolls of remove curse
 n - 2 scrolls of enchant armour
 r - 6 scrolls of blinking
 v - 16 scrolls of teleportation
 y - 5 scrolls of fog
 O - 4 scrolls of fear
 Q - a scroll of silence
 S - a scroll of magic mapping
 U - 5 scrolls of immolation
 Y - a scroll of summoning
Potions
 h - 6 potions of resistance
 k - 6 potions of haste
 m - a potion of magic
 o - 3 potions of might
 q - 5 potions of cancellation
 u - 4 potions of agility
 w - 12 potions of curing
 H - a potion of brilliance
 R - a potion of invisibility
 V - 6 potions of ambrosia
 X - 8 potions of heal wounds
Miscellaneous
 C - a lamp of fire
 J - 2 phantom mirrors
 N - a box of beasts
 W - 2 sacks of spiders
Comestibles
 a - 12 chunks of flesh
 s - 70 rations


   Skills:
 + Level 15.6 Fighting
 - Level 18.0 Crossbows
 - Level 1.1 Throwing
 + Level 14.0 Armour
 * Level 9.3 Dodging
 - Level 2.1 Stealth
 - Level 22.0 Unarmed Combat
 - Level 9.6 Invocations


You had 20 spell levels left.
You didn't know any spells.
Your spell library contained the following spells:

 Spells                   Type           Power        Failure   Level  Hunger
 Magic Dart               Conj           #...         100%        1    ##.....
 Shock                    Conj/Air       #...         100%        1    ##.....
 Searing Ray              Conj           #.....       100%        2    ###....
 Swiftness                Chrm/Air       #.......     100%        2    ###....
 Dazzling Spray           Conj/Hex       #.....       100%        3    ####...
 Static Discharge         Conj/Air       #.......     100%        3    ####...
 Airstrike                Air            #.........   100%        4    #####..
 Cause Fear               Hex            #.........   100%        4    #####..
 Force Lance              Conj/Tloc      #.......     100%        4    #####..
 Fulminant Prism          Conj/Hex       #.........   100%        4    #####..
 Iskenderun's Mystic Bla  Conj           #.......     100%        4    #####..
 Leda's Liquefaction      Hex/Erth       #.........   100%        4    #####..
 Bolt of Magma            Conj/Fire/Erth #.........   100%        5    ######.
 Lightning Bolt           Conj/Air       #.........   100%        5    ######.
 Silence                  Hex/Air        #.........   100%        5    ######.
 Yara's Violent Unravell  Hex/Tmut       #.........   100%        5    ######.
 Deflect Missiles         Chrm/Air       #.........   100%        6    #######
 Iron Shot                Conj/Erth      #.........   100%        6    #######
 Discord                  Hex            #.........   100%        8    #######
 Shatter                  Erth           #.........   100%        9    #######
 Statue Form              Tmut/Erth      Unusable     N/A         6    N/A

Dungeon Overview and Level Annotations

Branches:
Dungeon (15/15)            Temple (1/1) D:5            Lair (6/6) D:9
 Shoals (4/4) Lair:2        Snake (4/4) Lair:4        Slime (0/5) Lair:6
    Orc (2/2) D:11            Elf (0/3) Orc:2        Vaults (4/5) D:14
  Crypt (0/3) Vaults:3     Depths (0/5) D:15

Altars:
Ashenzari
Cheibriados
Dithmenos
Fedhas
Gozag
Kikubaaqudgha
Makhleb
Nemelex Xobeh
Okawaru
Qazlal
Trog
Uskayaw
Vehumet
Zin
The Shining One
Beogh

Shops:
D:5 *   D:9 :   D:12 (*   Orc:2 [*(   Shoals:4 =   Vaults:1 *   Vaults:2 *
Vaults:3 (

Portals:
Hell: Lair:6

Annotations:
D:6 1 runed translucent door, Terandir's ghost, novice DrBe
D:7 exclusion: ice statue


Innate Abilities, Weirdness & Mutations

Your body is rotting away.
You thrive on raw meat.
You are immune to poison.
You have sharp fingernails.
You are carnivorous and can eat meat at any time.
Your flesh is cold resistant. (rC+)
You are immune to negative energy. (rN+++)
You do not regenerate when monsters are visible.
You are immune to unholy pain and torment.
You can survive without breathing.


Message History

The orc is recalled.
The stone giant is recalled.
The ogre mage is recalled.
The yaktaur is recalled.
An orc knight comes into view. It is wielding a +0 long sword.
The two-headed ogre hits you but does no damage.
The two-headed ogre hits you with a +0 giant club!!
* * * LOW HITPOINT WARNING * * *
You block the orc warrior's attack.
A stone giant comes into view.
An ogre mage comes into view. It is wielding a +0 spear.
The two-headed ogre hits you with a cursed -3 giant club!!
* * * LOW HITPOINT WARNING * * *
The two-headed ogre hits you with a +0 giant club!
* * * LOW HITPOINT WARNING * * *
An orc and a yaktaur come into view.
You fade into invisibility!
The yaktaur wields a +0 arbalest.
The yaktaur shoots a bolt.
The bolt hits the two-headed ogre.
The ogre barely misses you.
An orc warrior comes into view.
It is wielding a +0 halberd and wearing a +4 plate armour of ponderousness.
The two-headed ogre hits you with a +0 dire flail!!
You die...

######### #.......#
#.......# #...)...#
############.))<...#
.......CpO@#.[.))..#
.......opOO#.......#
....?.(.coc#.......#
.......((Oo#.......#
.........(.#.......#
..........(#.......#
....(....o)'.......#
...).....o(#########
.......(...#


You could see a stone giant, an orc knight, 2 two-headed ogres, an ogre mage, 2
ironbrand convokers, 2 yaktaurs, 3 orc warriors, an ogre and an orc.

Vanquished Creatures
  Mennas (Vaults:2)
  Bai Suzhen (Vaults:4)
  A tentacled monstrosity (D:13)
  Rupert (Lair:6)
  Asterion (Snake:3)
  A kraken (Shoals:4)
  Gastronok (Lair:1)
  Polyphemus (Shoals:4)
  A sphinx (Vaults:1)
  Frances (D:12)
  A tengu reaver (D:12)
  Kirke (Shoals:1)
  A fire giant (Vaults:3)
  Ilsuiw (Shoals:3)
  8 nagarajas
  Donald (Snake:2)
  6 vault wardens
  Louise (Shoals:1)
  3 orc warlords
  2 very ugly things
  5 ironheart preservers
  3 entropy weavers
  A minotaur (Gauntlet)
  A death ooze (Gauntlet)
  A crystal guardian (Vaults:3)
  A deep elf death mage (Vaults:4)
  3 merfolk javelineers
  An ettin (Vaults:4)
  8 yaktaur captains
  2 fire dragons
  4 great orbs of eyes
  The ghost of Exporg the Grappler, a journeyman TrFi of Okawaru (D:12)
  Fannar (Lair:2)
  4 merfolk impalers
  12 hydras
  2 rakshasas (Vaults:3)
  23 naga warriors
  A catoblepas (Shoals:4)
  Harold (D:9)
  14 anacondas
  6 centaur warriors
  An alligator snapping turtle (Shoals:2)
  A ghost crab (Gauntlet)
  6 merfolk aquamancers
  2 satyrs (Shoals:4)
  11 ogre magi
  39 two-headed ogres
  2 death knights (Vaults:3)
  A merfolk avatar (Shoals:4)
  3 death yaks (Shoals:4)
  5 shock serpents
  18 naga sharpshooters
  A deep elf knight (D:15)
  A sixfirhy (Lair:6)
  A fire crab (D:14)
  17 sea snakes
  10 skeletal warriors
  3 deep trolls (Vaults:2)
  4 salamander mystics
  A shadow wraith (Vaults:3)
  9 unseen horrors
  5 naga ritualists
  A large abomination (D:13)
  5 wizards
  22 harpies
  A harpy (shapeshifter) (D:14)
  11 ironbrand convokers
  2 deep elf magi
  2 sphinx zombies (Vaults:3)
  3 necromancers
  13 mana vipers
  6 orc sorcerers
  4 wolf spiders
  22 orc knights
  19 manticores
  13 cyclopes
  22 fauns
  14 salamanders
  10 ugly things
  2 human zombies
  5 merfolk sirens
  A stone giant skeleton (Vaults:2)
  26 black mambas
  16 naga magi
  An elephant (Lair:6)
  7 water nymphs
  11 vault sentinels
  5 guardian serpents
  2 ice statues (IceCv)
  2 gargoyles (D:10)
  4 orange demons (Lair:6)
  Psyche (D:9)
  11 spiny frogs
  A minotaur zombie (Gauntlet)
  A yaktaur zombie (Vaults:2)
  5 komodo dragons
  2 efreet
  An ice devil (Lair:6)
  A hellwing (Lair:6)
  24 yaktaurs
  A red devil (Lair:6)
  14 trolls
  2 tengu conjurers
  4 rime drakes
  A troll (shapeshifter) (Vaults:2)
  4 demonic crawlers (D:13)
  5 freezing wraiths
  A human skeleton (Vaults:2)
  5 wind drakes
  A sphinx simulacrum (Vaults:2)
  18 merfolk
  17 blink frogs
  8 hippogriffs
  A hornet (D:10)
  11 snapping turtles
  12 slime creatures
  4 dream sheep (Shoals:3)
  A frost giant simulacrum (Vaults:3)
  2 wyverns
  6 redbacks
  3 shadows
  5 basilisks
  Sigmund (D:6)
  A tarantella (shapeshifter) (D:14)
  2 wraiths
  31 yaks
  14 water elementals
  An orc simulacrum (Vaults:2)
  5 hogs
  17 humans
  Eustachio (D:4)
  2 hungry ghosts
  9 vampire mosquitoes
  10 wargs
  2 swamp worms (Gauntlet)
  A soldier ant (shapeshifter) (D:12)
  76 nagas
  15 water moccasins
  A soldier ant (D:14)
  3 hell hounds (Lair:6)
  9 porcupines
  2 acid dragons
  66 orc warriors
  9 ice beasts
  3 black bears
  A black bear (shapeshifter) (Vaults:3)
  2 sky beasts
  An orc zombie (Vaults:2)
  An eye of draining (D:14)
  38 wolves
  A necrophage (D:11)
  15 centaurs
  2 phantoms
  A boggart (Vaults:2)
  An eye of draining (shapeshifter) (Vaults:3)
  42 ogres
  7 crocodiles
  2 big kobolds (D:9)
  5 small abominations (D:13)
  15 bullfrogs
  3 gnoll sergeants
  4 wyvern skeletons
  A water moccasin skeleton (D:12)
  4 scorpions
  A human simulacrum (Vaults:2)
  13 killer bees
  An electric eel (Lair:3)
  3 howler monkeys
  4 crimson imps
  2 centaur zombies
  A quasit (D:7)
  A bullfrog zombie (D:13)
  26 orc priests
  7 hounds
  9 jellies
  7 centaur skeletons
  32 orc wizards
  2 bullfrog skeletons
  2 iguanas
  5 worker ants
  A killer bee zombie (D:8)
  2 hound zombies
  12 adders
  17 gnolls
  8 shadow imps
  2 oozes
  2 worms
  4 dart slugs
  7 leopard geckos
  130 orcs
  7 giant cockroaches
  8 hobgoblins
  6 jackals
  27 kobolds
  6 quokkas
  9 ball pythons
  6 bats
  6 frilled lizards
  7 goblins
  A leopard gecko skeleton (D:7)
  16 rats
  A fungus (Lair:6)
  6 plants (Shoals:3)
  5 tentacles (Shoals:4)
1535 creatures vanquished.

Vanquished Creatures (others)
  A satyr (Shoals:3)
  A centaur warrior (Vaults:3)
  A cyclops (Shoals:3)
  A blink frog (Lair:6)
  A human (Shoals:1)
  4 butterflies (Lair:6)
  14 demonic plants (Gauntlet)
  A fungus (Lair:3)
  8 plants
  9 tentacles (Shoals:4)
  5 toadstools (D:9)
  11 withered plants (Gauntlet)
57 creatures vanquished.

Grand Total: 1592 creatures vanquished

Notes
Turn   | Place    | Note
-------+----------+-------------------------------------------
     0 | D:1      | eskel the Ghoul Monk began the quest for the Orb.
     0 | D:1      | Reached XP level 1. HP: 19/19 MP: 0/0
   165 | D:1      | Reached XP level 2. HP: 26/26 MP: 1/1
   177 | D:1      | Reached skill level 4 in Unarmed Combat
   546 | D:1      | Reached XP level 3. HP: 28/31 MP: 2/2
   926 | D:2      | Reached skill level 5 in Unarmed Combat
  1087 | D:2      | Reached XP level 4. HP: 37/38 MP: 3/3
  1873 | D:3      | Found a faded altar of an unknown god.
  1996 | D:3      | Found a sparkling altar of Nemelex Xobeh.
  2027 | D:3      | Reached skill level 6 in Unarmed Combat
  2027 | D:3      | Reached XP level 5. HP: 45/45 MP: 4/4
  2442 | D:4      | Noticed Eustachio
  2775 | D:4      | Reached skill level 7 in Unarmed Combat
  2864 | D:4      | Reached XP level 6. HP: 46/50 MP: 5/5
  3072 | D:4      | Killed Eustachio
  3072 | D:4      | Reached skill level 8 in Unarmed Combat
  3108 | D:4      | Reached XP level 7. HP: 56/56 MP: 6/6
  3299 | D:5      | Entered Level 5 of the Dungeon
  3308 | D:5      | Found a staircase to the Ecumenical Temple.
  3334 | Temple   | Entered the Ecumenical Temple
  3357 | Temple   | Became a worshipper of Warmaster Okawaru
  3357 | Temple   | Reached * piety under Okawaru
  3357 | Temple   | Reached ** piety under Okawaru
  3393 | D:5      | Reached skill level 1 in Invocations
  3824 | D:5      | Reached skill level 9 in Unarmed Combat
  3869 | D:5      | Reached XP level 8. HP: 48/62 MP: 9/9
  4158 | D:5      | Found Xaubiel's General Store.
  4198 | D:5      | Bought a potion of curing for 33 gold pieces
  4301 | D:6      | Reached *** piety under Okawaru
  4304 | D:6      | Reached skill level 10 in Unarmed Combat
  4323 | D:6      | Reached skill level 1 in Armour
  4335 | D:6      | Noticed Sigmund
  4525 | D:6      | Killed Sigmund
  4607 | D:6      | Found a hide-covered altar of Uskayaw.
  4677 | D:6      | Found a glowing golden altar of the Shining One.
  4706 | D:6      | Reached skill level 5 in Fighting
  4854 | D:6      | Found a runed translucent door.
  4855 | D:6      | Noticed Terandir's ghost (novice DrBe)
  4882 | D:6      | Found a glowing golden altar of the Shining One.
  4916 | D:6      | Found Dicaliej's Armour Emporium.
  5264 | D:7      | Reached XP level 9. HP: 71/74 MP: 10/10
  5324 | D:7      | Found a radiant altar of Vehumet.
  5437 | D:7      | Noticed an ice statue
  5509 | D:7      | Reached **** piety under Okawaru
  5597 | D:7      | Found an opulent altar of Gozag.
  5882 | D:7      | Reached skill level 5 in Armour
  6313 | D:8      | Found a shadowy altar of Dithmenos.
  6314 | D:8      | Found a stormy altar of Qazlal.
  6737 | D:9      | Reached XP level 10. HP: 77/86 MP: 11/11
  6758 | D:9      | Reached ***** piety under Okawaru
  6759 | D:9      | Noticed a two-headed ogre
  6775 | D:9      | Killed a two-headed ogre
  7030 | D:9      | Noticed Harold
  7047 | D:9      | Killed Harold
  7047 | D:9      | Reached skill level 11 in Unarmed Combat
  7181 | D:9      | Found Miprim's Book Shoppe.
  7334 | D:9      | Found a snail-covered altar of Cheibriados.
  7334 | D:9      | Found a bloodstained altar of Trog.
  7336 | D:9      | Found a blossoming altar of Fedhas.
  7391 | D:9      | Noticed Psyche
  7396 | D:9      | Killed Psyche
  7460 | D:9      | Received a gift from Okawaru
  7549 | D:9      | Found a staircase to the Lair.
  7724 | Lair:1   | Entered Level 1 of the Lair of Beasts
  7744 | Lair:1   | Noticed Gastronok
  7809 | Lair:1   | Killed Gastronok
  7809 | Lair:1   | Reached skill level 12 in Unarmed Combat
  7809 | Lair:1   | Reached skill level 5 in Invocations
  7809 | Lair:1   | Reached XP level 11. HP: 80/97 MP: 6/13
  8730 | Lair:2   | Found a staircase to the Shoals.
  8790 | Lair:2   | Received a gift from Okawaru
  8798 | Lair:2   | Got a creamy pearl robe {god gift}
  8866 | Lair:2   | Noticed Fannar
  8874 | Lair:2   | Killed Fannar
  8966 | Lair:2   | Reached skill level 13 in Unarmed Combat
  9538 | Lair:3   | Reached XP level 12. HP: 64/106 MP: 15/15
  9669 | Lair:3   | Reached skill level 10 in Fighting
  9819 | Lair:3   | Noticed a four-headed hydra
  9828 | Lair:3   | Killed a four-headed hydra
  9960 | Lair:3   | Noticed an eight-headed hydra
  9968 | Lair:3   | Killed an eight-headed hydra
 10088 | Lair:3   | Received a gift from Okawaru
 10116 | Lair:3   | Got a polished scale mail {god gift}
 10127 | Lair:3   | Identified the +0 scale mail "Buces" {rF+} (Okawaru gifted
                  | it to you on level 3 of the Lair of Beasts)
 10475 | Lair:4   | Found a staircase to the Snake Pit.
 10695 | Lair:4   | Reached ****** piety under Okawaru
 10695 | Lair:4   | Reached skill level 14 in Unarmed Combat
 10851 | Lair:4   | Noticed an eight-headed hydra
 10862 | Lair:4   | Killed an eight-headed hydra
 11579 | Lair:5   | Reached skill level 10 in Armour
 11641 | Lair:4   | Reached skill level 15 in Unarmed Combat
 11743 | Lair:5   | Found a frozen archway.
 11748 | Lair:5   | Reached XP level 13. HP: 114/114 MP: 18/18
 11761 | IceCv    | Entered an ice cave
 11803 | IceCv    | Found a transporter.
 11820 | IceCv    | Found a transporter.
 12533 | Lair:6   | Entered Level 6 of the Lair of Beasts
 12721 | Lair:6   | Found a staircase to the Slime Pits.
 12751 | Lair:6   | Received a gift from Okawaru
 12775 | Lair:6   | Got a crystal arbalest {god gift}
 12780 | Lair:6   | Identified the +11 arbalest "Ycexix" {flame, rC- Str+7}
                  | (Okawaru gifted it to you on level 6 of the Lair of Beasts)
 12801 | Lair:6   | Noticed Rupert
 12819 | Lair:6   | Killed Rupert
 12832 | Lair:6   | Found a gate leading to a gauntlet.
 12841 | Gauntlet | Entered a Gauntlet
 12841 | Gauntlet | Found a transporter.
 12851 | Gauntlet | Found a transporter.
 12866 | Gauntlet | Found a transporter.
 12872 | Gauntlet | Found a transporter.
 12887 | Gauntlet | Found a transporter.
 12904 | Gauntlet | Noticed a green death
 12906 | Gauntlet | Found a transporter.
 12928 | Gauntlet | Found a transporter.
 12940 | Gauntlet | Found a transporter.
 12952 | Gauntlet | Found a transporter.
 12964 | Gauntlet | Found a transporter.
 12981 | Gauntlet | Found a transporter.
 12998 | Gauntlet | Found a transporter.
 13000 | Gauntlet | Found a transporter.
 13029 | Gauntlet | Found a transporter.
 13031 | Gauntlet | Found a transporter.
 13033 | Gauntlet | Found a transporter.
 13034 | Gauntlet | Noticed a death ooze
 13059 | Gauntlet | Found a transporter.
 13061 | Gauntlet | Found a transporter.
 13160 | Gauntlet | Killed a death ooze
 13176 | Gauntlet | Got a heavily runed hat
 13187 | Gauntlet | Identified the +2 hat "Gixzihic" {+Blink rElec rF-} (You
                  | found it in a Gauntlet)
 13317 | Gauntlet | Got a transparent lead amulet
 13319 | Gauntlet | Identified the amulet "Ypryqouh" {Inacc MR+ Int+4} (You
                  | found it in a Gauntlet)
 13342 | Gauntlet | Noticed a minotaur
 13352 | Gauntlet | Killed a minotaur
 13389 | Gauntlet | Identified 2 scrolls of acquirement
 13425 | Lair:6   | Got a spiked crystal plate armour
 13436 | Lair:6   | Identified the +9 crystal plate armour of Fun and Games
                  | {-Cast +Fly Dex+9 Stlth+} (You acquired it on level 6 of
                  | the Lair of Beasts)
 13606 | Lair:6   | Reached skill level 16 in Unarmed Combat
 13764 | Lair:6   | Received a gift from Okawaru
 13942 | Lair:6   | Reached XP level 14. HP: 124/124 MP: 20/20
 14031 | Lair:6   | Found a burning altar of Makhleb.
 14092 | Lair:6   | Found a gateway to Hell.
 14619 | D:10     | Entered Level 10 of the Dungeon
 14687 | D:10     | Found an iron altar of Okawaru.
 14729 | D:10     | Reached skill level 1 in Throwing
 14873 | D:10     | Got a crystal hand crossbow
 14876 | D:10     | Identified the +4 hand crossbow of Yesterday {speed, MR+}
                  | (You found it on level 10 of the Dungeon)
 15166 | D:10     | Reached skill level 1 in Crossbows
 15237 | D:10     | Reached skill level 17 in Unarmed Combat
 15499 | D:11     | Found a staircase to the Orcish Mines.
 15595 | Orc:1    | Entered Level 1 of the Orcish Mines
 15637 | Orc:1    | Received a gift from Okawaru
 15940 | Orc:2    | Entered Level 2 of the Orcish Mines
 16563 | Orc:2    | Found a staircase to the Elven Halls.
 16748 | Orc:2    | Found Niakhyfa's Antique Armour Shop.
 16748 | Orc:2    | Found Sarch's Assorted Antiques.
 16814 | Orc:2    | Bought 2 potions of heal wounds for 310 gold pieces
 16824 | Orc:2    | Found a roughly hewn altar of Beogh.
 16874 | Orc:2    | Found Duptexemp's Antique Weapon Shop.
 16892 | Orc:2    | Received a gift from Okawaru
 16911 | Orc:2    | Noticed an orc warlord
 16952 | Orc:2    | Killed an orc warlord
 16957 | Orc:2    | Reached XP level 15. HP: 104/134 MP: 14/21
 17022 | Orc:2    | Identified the cursed ring "Votawych" {rPois rN++ EV-3}
 17022 | Orc:2    | Noticed an orc warlord
 17030 | Orc:2    | Found Fudam's Jewellery Shoppe.
 17040 | Orc:2    | HP: 8/134 [orc warlord/+1 battleaxe of holy wrath (23)]
 17047 | Orc:2    | Killed an orc warlord
 17047 | Orc:2    | Reached skill level 5 in Crossbows
 17150 | Orc:2    | Identified the +4 executioner's axe of the Big Bang {chop,
                  | -Tele Int+2 Stlth+}
 17316 | Orc:2    | Found the +3 giant club "Skullcrusher" {speed, Str+7}
 18175 | D:11     | Found a snail-covered altar of Cheibriados.
 18837 | D:12     | Noticed Frances
 18842 | D:12     | Reached skill level 18 in Unarmed Combat
 18848 | D:12     | Received a gift from Okawaru
 18855 | D:12     | Killed Frances
 19070 | D:12     | Found Pirilaak's Weapon Shop.
 19233 | D:12     | Found a transporter.
 19234 | D:12     | Noticed Exporg's ghost (journeyman TrFi)
 19235 | D:12     | Noticed a tengu reaver
 19268 | D:12     | Found a transporter.
 19289 | D:12     | Killed Exporg's ghost
 19294 | D:12     | Killed a tengu reaver
 19327 | D:12     | Got a smoking bronze ring
 19342 | D:12     | Identified the ring "Astrun" {rElec rC+ MR+ Int+2 Slay-2}
                  | (You found it on level 12 of the Dungeon)
 19401 | D:12     | Found Poryma Wali's General Store.
 19411 | D:12     | Bought a scroll of blinking for 120 gold pieces
 19411 | D:12     | Bought a scroll of identify for 32 gold pieces
 19411 | D:12     | Bought a potion of curing for 48 gold pieces
 20142 | D:13     | Found a runed translucent door.
 20266 | D:13     | Noticed a tentacled monstrosity
 20274 | D:13     | Killed a tentacled monstrosity
 20450 | D:13     | Received a gift from Okawaru
 20964 | D:14     | Reached XP level 16. HP: 135/143 MP: 22/22
 21178 | D:14     | Received a gift from Okawaru
 21275 | D:14     | Identified a +0 pair of boots of running (Okawaru gifted it
                  | to you on level 14 of the Dungeon)
 21288 | D:14     | Found a gate to the Vaults.
 21903 | D:15     | Entered Level 15 of the Dungeon
 21990 | D:15     | Reached skill level 19 in Unarmed Combat
 22450 | D:15     | Found a staircase to the Depths.
 22934 | Snake:1  | Entered Level 1 of the Snake Pit
 22945 | Snake:1  | Received a gift from Okawaru
 23694 | Snake:1  | Received a gift from Okawaru
 23767 | Snake:1  | Reached XP level 17. HP: 133/152 MP: 23/23
 23815 | Snake:1  | Reached skill level 10 in Crossbows
 24428 | Snake:2  | You fall through a shaft!
 24439 | Snake:3  | Noticed Asterion
 24465 | Snake:3  | Killed Asterion
 24465 | Snake:3  | Reached skill level 20 in Unarmed Combat
 24743 | Snake:2  | Noticed Donald
 24753 | Snake:2  | Killed Donald
 25011 | Snake:2  | Received a gift from Okawaru
 26013 | Snake:4  | Entered Level 4 of the Snake Pit
 26159 | Snake:4  | Received a gift from Okawaru
 26416 | Snake:4  | Reached XP level 18. HP: 160/160 MP: 24/24
 26491 | Snake:4  | Reached skill level 21 in Unarmed Combat
 27216 | Snake:4  | Received a gift from Okawaru
 27340 | Snake:4  | Received a gift from Okawaru
 27560 | Snake:4  | Got a serpentine rune of Zot
 28009 | Shoals:1 | Entered Level 1 of the Shoals
 28021 | Shoals:1 | Noticed Kirke
 28046 | Shoals:1 | Killed Kirke
 28095 | Shoals:1 | Noticed Louise
 28107 | Shoals:1 | Killed Louise
 28687 | Shoals:2 | Reached skill level 22 in Unarmed Combat
 28996 | Shoals:2 | Reached XP level 19. HP: 116/167 MP: 25/25
 29095 | Shoals:3 | Received a gift from Okawaru
 29378 | Shoals:3 | Received a gift from Okawaru
 29527 | Shoals:3 | Noticed Ilsuiw
 29551 | Shoals:3 | Killed Ilsuiw
 29718 | Shoals:3 | Received a gift from Okawaru
 29821 | Shoals:4 | Entered Level 4 of the Shoals
 29987 | Shoals:4 | Reached skill level 15 in Crossbows
 30010 | Shoals:4 | Received a gift from Okawaru
 30069 | Shoals:4 | Got a barnacled rune of Zot
 30083 | Shoals:4 | Found a runed translucent door.
 30299 | Shoals:4 | Found Dyfyeluawk's Jewellery Boutique.
 30638 | Shoals:4 | Noticed Polyphemus
 30683 | Shoals:4 | Killed Polyphemus
 30683 | Shoals:4 | Received a gift from Okawaru
 30824 | Shoals:4 | meem: I am meem, an upgrade of beem built by MalcolmRose
                  | (check out Malcolm's DCSS vids and other projects at
                  | http://youtube.com/malcolmrosegaming). To have me follow
                  | you in your games, type !subscribemeem - to make me go away
                  | forever, type !quitmeem - For help, type: !meem
 31202 | Vaults:1 | Entered Level 1 of the Vaults
 31222 | Vaults:1 | Received a gift from Okawaru
 31574 | Vaults:1 | Reached XP level 20. HP: 171/174 MP: 26/26
 31809 | Vaults:1 | Found Voeziurgh's General Store.
 31948 | Vaults:1 | Received a gift from Okawaru
 31968 | Vaults:1 | Got an ichor-stained triple crossbow {god gift}
 31969 | Vaults:1 | Identified the +6 triple crossbow of Wondrous Power
                  | {freeze, rN+ Dex+2} (Okawaru gifted it to you on level 1 of
                  | the Vaults)
 32521 | Vaults:2 | Noticed Mennas
 32825 | Vaults:2 | Received a gift from Okawaru
 33017 | Vaults:2 | Found Dulupey's Assorted Antiques.
 33255 | Vaults:2 | Got a pitted marble ring
 33256 | Vaults:2 | Identified the ring of Gutibiar {Fire rN+++ MR- Str+8
                  | Dex-3} (You acquired it on level 2 of the Vaults)
 33425 | Vaults:2 | Received a gift from Okawaru
 33430 | Vaults:2 | Reached skill level 5 in Dodging
 33637 | Vaults:2 | Killed Mennas
 33637 | Vaults:2 | Received a gift from Okawaru
 34055 | Vaults:3 | Reached XP level 21. HP: 130/183 MP: 27/27
 34062 | Vaults:3 | Reached skill level 15 in Fighting
 34598 | Vaults:3 | Found Ozyfeyl's Antique Weapon Boutique.
 34704 | Vaults:3 | Received a gift from Okawaru
 34712 | Vaults:3 | Got a shimmering plate armour {god gift}
 34843 | Vaults:3 | Found a staircase to the Crypt.
 35366 | Vaults:4 | Noticed Bai Suzhen
 35474 | Vaults:4 | Killed Bai Suzhen
 35603 | Vaults:4 | HP: 11/185 [two-headed ogre/cursed -3 giant club (8)]
 35604 | Vaults:4 | Mangled by a two-headed ogre

Skill      XL: |  1  2  3  4  5  6  7  8  9 10 11 12 13 14 15 16 17 18 19 20 21 |
---------------+----------------------------------------------------------------+-----
Unarmed Combat | 4 5 6 7 8 9 10 12 13 15 16 17 18 19 20 22 | 22.0
Invocations    | 3 5 6 8 9 |  9.6
Armour         | 3 7 8 9 10 11 12 13 14 | 14.0
Fighting       | 5 7 9 10 11 12 13 14 15 | 15.6
Throwing       | 1 |  1.1
Crossbows      | 4 7 9 11 13 16 18 | 18.0
Dodging        | 6 9 |  9.3
Stealth        | |  2.1

Action                   |  1- 3 |  4- 6 |  7- 9 | 10-12 | 13-15 | 16-18 | 19-21 || total
-------------------------+-------+-------+-------+-------+-------+-------+-------++-------
Melee: Unarmed           |   118 |   172 |   304 |   470 |  1235 |   896 |   886 ||  4081
       Punch             |     2 |     3 |     8 |    15 |    79 |    80 |    90 ||   277
       Hand crossbow     |       |       |       |       |     1 |       |       ||     1
 Fire: Hunting sling     |       |    54 |    64 |   133 |    20 |       |       ||   271
       Blowgun           |       |       |       |    11 |       |       |       ||    11
       Hand crossbow     |       |       |       |       |   124 |   256 |       ||   380
       Arbalest          |       |       |       |       |       |   336 |   463 ||   799
Throw: Stone             |     4 |       |       |       |       |       |       ||     4
Invok: Heroism           |       |       |     5 |    13 |    20 |     6 |     8 ||    52
       Finesse           |       |       |       |     1 |     3 |       |     1 ||     5
Evoke: Wand              |       |       |       |     2 |     2 |     1 |     2 ||     7
       Lamp of fire      |       |       |       |       |     1 |       |       ||     1
       Sack of spiders   |       |       |       |       |       |       |     2 ||     2
       Phantom mirror    |       |       |       |       |       |       |     1 ||     1
  Use: Scroll            |       |     6 |     2 |     8 |    20 |     4 |    12 ||    52
       Potion            |       |       |     1 |       |     1 |       |     3 ||     5
 Stab: Petrified         |       |       |       |       |       |       |     4 ||     4
       Confused          |       |       |       |       |       |       |     1 ||     1
  Eat: Chunk             |    11 |    13 |    33 |    75 |   168 |   126 |   170 ||   596
       Ration            |       |       |       |       |       |     1 |       ||     1
Armor: Plate armour      |    56 |   122 |   168 |   326 |    84 |       |       ||   756
       Robe              |     1 |       |       |       |       |       |       ||     1
       Crystal plate arm |       |       |       |       |   872 |   704 |   848 ||  2424
Dodge: Dodged            |    32 |    32 |    78 |   196 |   353 |   223 |   358 ||  1272
Block: Other             |       |       |     8 |   115 |   251 |   191 |   207 ||   772
       Reflection        |       |       |     2 |     3 |     5 |    30 |    29 ||    69
